 Dungeon Crawl Stone Soup version 0.21.0-3-g78d12a8 (webtiles) character file.

8 Ignatius881 the Conjurer (level 2, -1/15 HPs)
             Began as a Deep Elf Conjurer on Jan 9, 2018.
             Slain by a jackal (3 damage)
             ... on level 1 of the Dungeon.
             The game lasted 00:01:01 (177 turns).

Ignatius881 the Conjurer (Deep Elf Conjurer)         Turns: 177, Time: 00:01:02

Health: -1/15      AC:  2    Str:  5    XL:     2   Next: 0%
Magic:  0/8        EV: 13    Int: 19    God:
Gold:   22         SH:  0    Dex: 15    Spells: 6/7 levels left

rFire    . . .     SeeInvis .   d - +0 dagger
rCold    . . .     Gourm    .   (no shield)
rNeg     . . .     Faith    .   a - +0 robe
rPois    .         Spirit   .   (no helmet)
rElec    .         Reflect  .   (no cloak)
rCorr    .         Harm     .   (no gloves)
MR       .....                  (no boots)
Stlth    ++........             (no amulet)
HPRegen  0.05/turn              (no ring)
MPRegen  0.11/turn              (no ring)

@: no status effects
A: no striking features
a: no special abilities


You were on level 1 of the Dungeon.
You were not hungry.

You visited 1 branch of the dungeon, and saw 1 of its levels.

You collected 22 gold pieces.

Inventory:

Hand Weapons
 d - a +0 dagger (weapon)
   (You took it off a goblin on level 1 of the Dungeon)
Armour
 a - a +0 robe (worn)
Scrolls
 f - a scroll of identify {unknown}
Books
 e - a book of Conjurations
Comestibles
 b - 2 chunks of flesh
 c - a ration


   Skills:
 + Level 2.6 Dodging
 - Level 2.4 Stealth
 + Level 3.2 Spellcasting
 * Level 4.6 Conjurations


You had 6 spell levels left.
You knew the following spells:

 Your Spells              Type           Power        Failure   Level  Hunger
a - Magic Dart            Conj           ###.         2%          1    None


Dungeon Overview and Level Annotations

Branches:
Dungeon (1/15)

Altars:


Message History

Aim: a kobold, wielding a whip (severely wounded)
The magic dart hits the kobold.
You kill the kobold!
You start resting.
A hobgoblin comes into view.
Aim: a hobgoblin The magic dart hits the hobgoblin.
Aim: a hobgoblin (almost dead)
The magic dart hits the hobgoblin.
You kill the hobgoblin!
You have reached level 2!
You start resting.
A jackal comes into view.
Aim: a jackal (hasn't noticed you)
The magic dart hits the jackal.
The jackal barks!
A jackal comes into view.
The jackal barks!
Aim: a jackal The magic dart hits the jackal.
There are monsters nearby!
You barely miss the jackal. The jackal bites you.
The jackal closely misses you.
You closely miss the jackal. The jackal misses you. The jackal bites you.
The jackal barely misses you.
You hit the jackal but do no damage.
The jackal bites you but does no damage.
The jackal barely misses you.
You hit the jackal but do no damage. The jackal bites you. x2
The jackal barely misses you.
You hit the jackal. The jackal bites you.
* * * LOW HITPOINT WARNING * * *
The jackal bites you but does no damage.
The jackal bites you.
* * * LOW HITPOINT WARNING * * *
You miss the jackal. The jackal barely misses you.
The jackal bites you but does no damage. x2
You closely miss the jackal. The jackal bites you.
* * * LOW HITPOINT WARNING * * *
The jackal bites you but does no damage.
The jackal barely misses you.
Aim: a jackal The magic dart hits the jackal.
The jackal misses you. The jackal closely misses you.
You barely miss the jackal. The jackal closely misses you.
The jackal bites you.
* * * LOW HITPOINT WARNING * * *
The jackal barely misses you.
You hit the jackal but do no damage. The jackal bites you.
You die...

........ .###### .# .#
.#########################
.........................#
###############..........#
#..........# #.@h.......#
#..h.......# #..........#
#..........# #..........#
#..........####.#
#................
#................
#.....###......).


You could see 2 jackals.

Vanquished Creatures
  A bat (D:1)
  3 goblins (D:1)
  A hobgoblin (D:1)
  A kobold (D:1)
  A rat (D:1)
7 creatures vanquished.

Notes
Turn   | Place    | Note
-------+----------+-------------------------------------------
     0 | D:1      | Ignatius881 the Deep Elf Conjurer began the quest for the Orb.
     0 | D:1      | Reached XP level 1. HP: 10/10 MP: 6/6
   153 | D:1      | Reached XP level 2. HP: 15/15 MP: 0/8
   177 | D:1      | Slain by a jackal

Action                   || total
-------------------------++-------
Melee: Dagger            ||     9
 Cast: Magic Dart        ||    14
Armor: Robe              ||     5
Dodge: Dodged            ||    11
